 Dungeon Crawl Stone Soup version 0.17.0-25-gefc9c12 (webtiles) character file.

102575 M4edhros the Unseen (level 16, -7/88 HPs)
             Began as an Octopode Artificer on Nov 18, 2015.
             Was an Elder of Fedhas.
             Shot with a stone by a faun (24 damage)
             ... on level 1 of the Shoals.
             The game lasted 01:42:44 (32884 turns).

M4edhros the Unseen (Octopode Artificer)           Turns: 32884, Time: 01:42:45

Health: -7/88      AC:  4    Str: 10 (11) XL:     16   Next: 33%
Magic:  25/25      EV: 23    Int: 14 (15) God:    Fedhas [****..]
Gold:   1016       SH: 15    Dex: 20 (21) Spells: 2 memorised, 15 levels left

rFire  . . .     SeeInvis .     A - +4 hunting sling (venom)
rCold  + + .     Clarity  +     I - +0 shield
rNeg   + . .     SustAt   .     (helmet restricted)
rPois  .         Gourm    .     G - amulet of clarity
rElec  .         Spirit   .     F - ring of positive energy
rCorr  .         Warding  .     a - +3 ring of dexterity
rMut   .         Stasis   .     c - ring of wizardry
MR     +....                    (no ring)
Stlth  ++++......               (no ring)
                                (no ring)
                                (no ring)
                                (no ring)

@: slowed, glowing, very slow, somewhat resistant to hostile enchantments,
stealthy
A: almost no armour, amphibious, 8 rings, constrict 8, repulsion field 1, large
bone plates 1, molten scales 1, camouflage 1, cold resistance 2, deterioration
1, frail 1, sense surroundings 1, regeneration 1, gelatinous body 1, subdued
magic 2
a: Evolution, Sunlight, Growth, Reproduction, Renounce Religion


You were on level 1 of the Shoals.
You worshipped Fedhas.
Fedhas was greatly pleased with you.
You were not hungry.

You visited 6 branches of the dungeon, and saw 29 of its levels.
You also visited: Ossuary and Bailey.

You collected 2858 gold pieces.
You spent 1842 gold pieces at shops.

Inventory:

Hand Weapons
 e - a +0 dagger of venom
 A - a +4 hunting sling of venom (weapon)
Missiles
 B - 71 sling bullets
 C - 203 stones (quivered)
Armour
 I - a +0 shield (worn)
Rods
 K - a +1 lightning rod (17/17)
   (You bought it in a shop on level 8 of the Dungeon)
Jewellery
 a - a +3 ring of dexterity (right tentacle)
 c - a ring of wizardry (on tentacle)
 F - a ring of positive energy (left tentacle)
 G - an amulet of clarity (around mantle)
Wands
 l - a wand of cold (5)
 p - a wand of enslavement (15)
 u - a wand of fire (5)
 y - a wand of polymorph (5)
 J - a wand of teleportation (5)
 M - a wand of lightning (5)
 T - a wand of digging (6)
Scrolls
 f - 3 scrolls of blinking
 j - 3 scrolls of fear
 r - 3 scrolls of immolation
 v - a scroll of teleportation
 w - 5 scrolls of recharging
 E - 5 scrolls of noise
 H - a scroll of remove curse
 L - 3 scrolls of magic mapping
 O - a scroll of fog {unknown}
 S - 2 scrolls of enchant armour
 X - 2 scrolls of silence
 Z - a scroll of brand weapon
Potions
 d - 3 potions of curing
 k - 2 potions of cure mutation
 m - 2 potions of agility
 n - 3 potions of heal wounds
 o - a potion of ambrosia
 q - 3 potions of invisibility
 s - 2 potions of haste
 t - 2 potions of berserk rage
 z - a potion of resistance
 D - a potion of flight
 P - 4 potions of might
Miscellaneous
 N - a box of beasts
Comestibles
 b - 2 bread rations
 g - 3 beef jerkies
 h - a meat ration
 x - 4 fruits


   Skills:
 - Level 5.1 Fighting
 - Level 1.0 Short Blades
 + Level 13.3 Slings
 + Level 10.4 Dodging
 - Level 15.1 Stealth
 + Level 13.2 Shields
 * Level 4.0 Spellcasting
 * Level 4.6 Conjurations
 * Level 4.4 Air Magic
 - Level 4.7 Poison Magic
 + Level 10.1 Invocations
 - Level 12.1 Evocations


You had 15 spell levels left.
You knew the following spells:

 Your Spells              Type           Power        Failure   Level  Hunger
a - Mephitic Cloud        Conj/Pois/Air  #.......     1%          3    ###....
b - Lightning Bolt        Conj/Air       #.........   34%         5    ######.


Dungeon Overview and Level Annotations

Branches:
Dungeon (14/15)            Temple (1/1) D:4            Lair (8/8) D:8
 Shoals (1/4) Lair:6        Snake (0/4) Lair:5        Slime (0/6) Lair:7
    Orc (4/4) D:9             Elf (1/3) Orc:3        Vaults (0/5) D:14

Altars:
Cheibriados
Dithmenos
Elyvilon
Fedhas
Gozag
Kikubaaqudgha
Makhleb
Okawaru
Qazlal
Ru
Trog
Vehumet
Xom
Yredelemnul
Zin
The Shining One
Beogh

Shops:
D:8 }   D:10 [   Orc:4 =*[(


Innate Abilities, Weirdness & Mutations

You cannot wear most types of armour.
You are amphibious.
You can wear up to eight rings at the same time.
You can use your tentacles to constrict eight enemies at once.
Your skin changes colour to match your surroundings (Stealth).
Your rubbery body absorbs attacks (AC +1).
You are surrounded by a mild repulsion field (EV +2).
You are partially covered in large bone plates (AC +2, SH +2).
You are partially covered in molten scales (AC +1).
Your flesh is very cold resistant.
Your body sometimes deteriorates upon taking damage.
You are frail (-10% HP).
You passively map a small area around you.
Your natural rate of healing is unusually fast.
Your spells are easier to cast, but less powerful.


Message History

The faun is lightly wounded.
You hear a splash.
The faun shoots a stone.
You block the stone.
You hear a splash.
Firing (i - inventory. (,) - cycle):
C - 205 stones (quivered)
Press: ? - help, Shift-Dir - straight line, f/p - faun
Aim: a faun, wielding a hunting sling (lightly wounded, poisoned)
You shoot a stone. The stone hits the faun.
The faun is lightly wounded.
You hear a splash.
Firing (i - inventory. (,) - cycle):
C - 204 stones (quivered)
Press: ? - help, Shift-Dir - straight line, f/p - faun
Aim: a faun, wielding a hunting sling (lightly wounded, poisoned)
You shoot a stone. The stone hits the faun!
The faun is moderately wounded.
You hear a splash.
The faun shoots a stone.
The stone hits you!!
You die...
Xom howls with laughter!
Fedhas appreciates your contribution to the ecosystem.

≈ ≈≈ ≈≈≈.## *#....≈
≈≈≈≈≈≈≈≈≈≈≈≈≈...##.....>
≈≈≈≈≈≈≈≈≈≈≈≈≈≈≈≈≈m≈≈..#*
≈≈≈≈≈≈≈≈≈≈≈≈≈≈≈≈≈≈≈≈cc.#.c
≈≈≈≈≈≈≈≈≈≈≈≈≈≈≈≈≈..≈≈<≈≈≈m≈c
≈≈≈≈≈≈≈≈≈≈≈≈≈≈≈≈≈≈≈....≈≈≈≈.
≈≈≈≈≈≈≈(≈≈≈≈≈≈≈≈≈≈.....H≈≈.%
≈
≈≈≈≈≈≈≈≈≈≈≈≈(≈≈≈≈≈(.(###..≈..
≈≈≈≈≈≈PPP≈P≈≈≈≈(@≈)(((≈...
..≈..
≈(≈≈≈P≈PP≈≈≈≈≈≈(≈≈≈P≈≈≈≈..,
.....
≈≈≈≈PPP..P≈P≈(...≈())≈(≈≈.,
....
≈≈≈PPPPPP≈≈≈≈≈..(≈(≈≈≈≈(≈.
....
≈≈≈≈≈P≈≈P≈≈≈....≈≈≈≈..P((c
≈≈≈≈≈≈≈≈PP≈...##c≈P≈)≈≈≈≈≈ *
≈≈≈≈≈≈≈P≈≈≈.P.#cPPPPP(≈≈≈≈
≈≈≈≈≈≈≈≈PP)≈..≈≈(≈≈≈≈((≈≈≈ ≈
≈≈≈≈≈≈≈≈≈PP≈≈≈≈≈≈≈≈≈≈≈≈≈≈≈ ≈


You could see 2 fauns.

Vanquished Creatures
  Maud (Lair:6)
  5 dire elephants (Lair:8)
  Josephine (D:10)
  2 vault guards (D:14)
  3 hydras
  An anaconda (Lair:8)
  A merfolk avatar (Shoals:1)
  3 death yaks (Lair:8)
  2 centaur warriors
  2 orc high priests (Orc:4)
  Urug (D:12)
  Nergalle (D:11)
  4 skeletal warriors (D:14)
  2 hill giants
  A sea snake (Shoals:1)
  A deep elf summoner (Elf:1)
  An orc sorcerer (Orc:4)
  2 orc knights (Orc:4)
  3 griffons
  An ugly thing (D:12)
  A cyclops (D:12)
  3 sirens
  6 fauns (Shoals:1)
  5 elephants
  Joseph (Lair:1)
  10 black mambas
  Psyche (D:12)
  8 spiny frogs
  2 komodo dragons
  5 fire drakes
  2 polar bears
  5 trolls
  37 blink frogs
  A boulder beetle (Lair:6)
  A snapping turtle (Shoals:1)
  4 slime creatures (D:13)
  A blink frog (shapeshifter) (D:14)
  A wyvern (Lair:6)
  A vampire (D:12)
  2 deep elf magi
  31 yaks
  5 basilisks
  A hog (D:10)
  2 wraiths
  A golden eye (D:7)
  8 hippogriffs
  Menkaure (D:5)
  13 wolves
  3 wargs (Orc:2)
  19 water moccasins
  A mottled dragon (D:11)
  35 orc warriors
  11 porcupines
  A black bear (D:9)
  An eye of draining (D:13)
  A wasp (D:12)
  2 sky beasts (D:12)
  10 ogres
  7 centaurs
  2 ice beasts (D:9)
  A boggart (D:14)
  16 crocodiles
  13 giant frogs
  9 killer bees
  3 scorpions
  2 wyvern skeletons
  17 wights
  An electric eel (Lair:1)
  3 centaur skeletons
  5 crimson imps
  4 jellies
  36 orc wizards
  6 hounds
  28 orc priests
  3 giant frog skeletons
  13 iguanas
  5 worker ants
  38 sheep
  8 big kobold zombies (Ossuary)
  A mummy (Ossuary)
  36 river rats
  14 adders
  2 white imps (D:9)
  4 shadow imps
  An ufetubus (D:9)
  2 oozes (Lair:7)
  4 adder skeletons
  A worm (D:2)
  3 giant geckos
  158 orcs
  3 spectral bats (Ossuary)
  2 bat simulacra (Ossuary)
  5 giant cockroaches
  4 gnoll zombies (Ossuary)
  9 goblins
  11 hobgoblins
  11 kobolds
  2 quokkas
  4 ball pythons
  9 bats
  A giant gecko zombie (D:9)
  2 giant newts
  A goblin simulacrum (Ossuary)
  8 goblin zombies (Ossuary)
  A hobgoblin zombie (Ossuary)
  4 kobold simulacra (Ossuary)
  6 kobold zombies (Ossuary)
  3 orc zombies (Ossuary)
  2 quokka skeletons (D:8)
  23 rats
  2 rat simulacra (Ossuary)
  A spectral goblin (Ossuary)
  2 spectral kobolds (Ossuary)
  5 spectral rats (Ossuary)
848 creatures vanquished.

Vanquished Creatures (collateral kills)
  An orc warlord (Orc:4)
  Snorg (Orc:2)
  Erolcha (Orc:2)
  The ghost of stefzke33 the Basher, a journeyman TrBe of Trog (D:10)
  2 vault guards (D:14)
  A hydra (Lair:4)
  2 orc high priests (Orc:4)
  A tengu warrior (D:13)
  4 hill giants
  Pikel (D:7)
  The ghost of ConnectionFaild the Nimble, a novice SpAr of Nemelex Xobeh (D:8)
  2 orc knights
  2 orc sorcerers (Orc:4)
  A griffon (D:13)
  4 black mambas
  A manticore (D:11)
  5 spiny frogs
  9 wandering mushrooms
  A blink frog (shapeshifter) (Elf:1)
  A two-headed ogre (Orc:2)
  Grinder (D:4)
  6 blink frogs
  A troll (Orc:3)
  A trapdoor spider (D:12)
  A human (D:10)
  A basilisk (Orc:4)
  11 yaks
  4 wraiths (D:10)
  A mottled dragon (D:14)
  A hungry ghost (D:10)
  A redback simulacrum (D:14)
  2 wargs (Orc:2)
  7 wolves
  A slave (D:7)
  4 water moccasins
  2 sky beasts
  12 orc warriors
  An ice beast (D:6)
  A phantom (D:7)
  6 ogres
  A swamp drake (D:9)
  2 crocodiles (D:8)
  A big kobold (D:10)
  8 giant frogs
  A scorpion (D:10)
  2 jellies
  2 killer bees (D:10)
  The ghost of M4edhros the Charlatan, a weakling OpAr (D:4)
  5 wights
  A crimson imp (D:7)
  7 orc priests
  13 orc wizards
  2 worker ants
  8 sheep
  An adder (D:5)
  An ufetubus (D:9)
  2 oozes (Lair:7)
  36 orcs
  A kobold (D:10)
  2 toadstools
204 creatures vanquished.

Vanquished Creatures (others)
  A blink frog (Lair:7)
  A yak (Lair:6)
  40 wandering mushrooms
  A centaur (D:11)
  A necrophage (D:12)
  A giant frog (D:7)
  2 orc wizards (D:8)
  A giant frog skeleton (D:7)
  A killer bee zombie (D:9)
  2 sheep (Lair:7)
  An orc (D:7)
  A goblin (D:1)
  14 fungi
  14 plants
  792 toadstools
873 creatures vanquished.

Grand Total: 1925 creatures vanquished

Notes
Turn   | Place    | Note
--------------------------------------------------------------
     0 | D:1      | M4edhros the Octopode Artificer began the quest for the Orb.
     0 | D:1      | Reached XP level 1. HP: 13/13 MP: 3/3
   104 | D:1      | Reached XP level 2. HP: 6/18 MP: 4/4
   480 | D:2      | Reached skill level 4 in Evocations
   480 | D:2      | Reached XP level 3. HP: 23/23 MP: 4/6
   749 | D:3      | Reached XP level 4. HP: 19/28 MP: 7/7
   771 | D:3      | Gained mutation: Scrolls take you a little longer to read. [potion of mutation]
   771 | D:3      | Gained mutation: You are robust (+10% HP). [potion of mutation]
   772 | D:3      | Gained mutation: You are partially covered in yellow scales (AC +2). [potion of beneficial mutation]
   956 | D:4      | Reached skill level 5 in Evocations
   956 | D:4      | Reached XP level 5. HP: 14/36 MP: 8/8
   962 | D:4      | Noticed Grinder
  1026 | D:4      | Reached skill level 5 in Stealth
  1047 | D:4      | Found a sand-covered staircase.
  1257 | Ossuary  | Entered an ossuary
  1412 | Ossuary  | Reached XP level 6. HP: 40/41 MP: 10/10
  1419 | Ossuary  | Reached skill level 6 in Stealth
  1622 | Ossuary  | Gained mutation: You are clumsy. (Dex -2) [potion of mutation]
  1622 | Ossuary  | Gained mutation: You possess an exceptional clarity of mind. [potion of mutation]
  1622 | Ossuary  | Lost mutation: Scrolls take you a little longer to read. [potion of mutation]
  1952 | D:4      | Found a staircase to the Ecumenical Temple.
  1964 | Temple   | Entered the Ecumenical Temple
  2008 | Temple   | Became a worshipper of Xom of Chaos
  2021 | Temple   | Fell from the grace of Xom
  2021 | Temple   | Became a worshipper of Fedhas Madash
  2445 | D:2      | Found a snail-covered altar of Cheibriados.
  2448 | D:2      | Found an ancient bone altar of Kikubaaqudgha.
  2823 | D:3      | Gained mutation: Your mind is acute. (Int +2) [potion of mutation]
  2823 | D:3      | Gained mutation: One of your tentacles bears a spike. [potion of mutation]
  2953 | D:3      | Reached skill level 7 in Stealth
  2997 | D:3      | XOM: summons 2 hostile demons
  3062 | D:3      | Reached * piety under Fedhas
  3162 | D:4      | Reached XP level 7. HP: 47/47 MP: 11/11
  3190 | D:4      | Noticed M4edhros's ghost (weakling OpAr)
  3390 | D:4      | Killed M4edhros's ghost
  3410 | D:4      | Noticed an ogre
  3418 | D:4      | Killed an ogre
  3418 | D:4      | Reached skill level 8 in Stealth
  3460 | D:4      | Killed Grinder
  3460 | D:4      | Reached XP level 8. HP: 35/52 MP: 13/13
  3574 | D:4      | Noticed an orc warrior
  3593 | D:4      | Killed an orc warrior
  3593 | D:4      | Reached skill level 9 in Stealth
  3986 | D:1      | XOM: medium Pois miscast
  4495 | D:5      | Entered Level 5 of the Dungeon
  4609 | D:5      | Noticed Menkaure
  4613 | D:5      | Killed Menkaure
  4613 | D:5      | Reached skill level 1 in Slings
  4776 | D:5      | XOM: give mutations
  4776 | D:5      | Gained mutation: You are very clumsy. (Dex -4) [Xom's mischief]
  4776 | D:5      | Lost mutation: You are very clumsy. (Dex -4) [Xom's mischief]
  4776 | D:5      | Lost mutation: Your mind is acute. (Int +2) [Xom's mischief]
  5869 | D:7      | Reached XP level 9. HP: 14/58 MP: 15/15
  5874 | D:7      | Gained mutation: Your natural rate of healing is unusually fast. [mutagenic meat]
  5875 | D:7      | Lost mutation: You are robust (+10% HP). [mutagenic meat]
  5876 | D:7      | Gained mutation: You are very clumsy. (Dex -4) [mutagenic meat]
  6294 | D:7      | Noticed Pikel
  6298 | D:7      | Reached skill level 10 in Stealth
  6304 | D:7      | Killed Pikel
  6304 | D:7      | Reached skill level 1 in Invocations
  6422 | D:7      | Reached skill level 5 in Slings
  6891 | D:8      | Noticed ConnectionFaild's ghost (novice SpAr)
  6905 | D:8      | Killed ConnectionFaild's ghost
  6910 | D:8      | Noticed a death yak
  6914 | D:8      | Noticed an elephant
  6938 | D:8      | Found a staircase to the Lair.
  7206 | D:8      | Killed an elephant
  7279 | D:7      | XOM: noise
  7295 | D:8      | Found Vifa's Gadget Boutique.
  7391 | D:8      | XOM: give mutations
  7391 | D:8      | Gained mutation: Your flesh is cold resistant. [Xom's mischief]
  7391 | D:8      | Lost mutation: You are very clumsy. (Dex -4) [Xom's mischief]
  7391 | D:8      | Gained mutation: You are very clumsy. (Dex -4) [Xom's mischief]
  7391 | D:8      | Lost mutation: You possess an exceptional clarity of mind. [Xom's mischief]
  7479 | D:8      | XOM: medium Tloc miscast
  7624 | D:8      | Reached XP level 10. HP: 14/58 MP: 16/16
  7760 | D:8      | Reached skill level 11 in Stealth
  7923 | D:8      | XOM: medium Hex miscast
  7988 | D:8      | Reached skill level 5 in Dodging
  8249 | D:8      | XOM: draining
  8729 | D:9      | XOM: repel stairs
  8880 | D:9      | Gained mutation: You passively map a small area around you. [potion of mutation]
  8880 | D:9      | Gained mutation: Your flesh is very cold resistant. [potion of mutation]
  8880 | D:9      | Gained mutation: Your spells are a little easier to cast, but a little less powerful. [potion of mutation]
  8881 | D:9      | Gained mutation: One of your tentacles bears a nasty spike. [potion of mutation]
  8881 | D:9      | Gained mutation: You are surrounded by a mild repulsion field (EV +2). [potion of mutation]
  8881 | D:9      | Gained mutation: You possess an exceptional clarity of mind. [potion of mutation]
  9135 | D:9      | Found a staircase to the Orcish Mines.
  9406 | D:9      | Found a burning altar of Makhleb.
  9415 | D:9      | XOM: give mutations
  9415 | D:9      | Gained mutation: Your flesh is heat resistant. [Xom's grace]
  9415 | D:9      | Gained mutation: You can spit weak poison. [Xom's grace]
  9415 | D:9      | Gained mutation: Your muscles are strong. (Str +2) [Xom's grace]
  9415 | D:9      | Gained mutation: You are partially covered in molten scales (AC +1). [Xom's grace]
  9691 | D:10     | Entered Level 10 of the Dungeon
  9691 | D:10     | Noticed a hill giant
  9695 | D:10     | Killed a hill giant
  9702 | D:10     | Found a blossoming altar of Fedhas.
  9857 | D:10     | Noticed stefzke33's ghost (journeyman TrBe)
  9868 | D:10     | Killed stefzke33's ghost
  9954 | D:10     | Noticed a hill giant
  9975 | D:10     | Killed a hill giant
  9975 | D:10     | Reached skill level 5 in Invocations
 10010 | D:10     | Found Menioqoo's Armour Shop.
 10074 | D:10     | Reached skill level 12 in Stealth
 10100 | D:10     | Reached XP level 11. HP: 59/63 MP: 18/18
 10354 | D:10     | XOM: mild Trmt miscast
 10393 | D:10     | Noticed Josephine
 10403 | D:10     | Killed Josephine
 10886 | D:11     | XOM: give mutations
 10886 | D:11     | Lost mutation: Your muscles are strong. (Str +2) [Xom's mischief]
 10886 | D:11     | Lost mutation: You are very clumsy. (Dex -4) [Xom's mischief]
 10886 | D:11     | Lost mutation: You can spit weak poison. [Xom's mischief]
 10886 | D:11     | Lost mutation: Your flesh is heat resistant. [Xom's mischief]
 10927 | D:11     | Reached ** piety under Fedhas
 10943 | D:11     | Noticed Nergalle
 10951 | D:11     | Killed Nergalle
 10951 | D:11     | Reached skill level 10 in Evocations
 11135 | D:11     | Noticed a hill giant
 11312 | Orc:1    | Entered Level 1 of the Orcish Mines
 11616 | Orc:1    | Found a roughly hewn altar of Beogh.
 11753 | Orc:1    | Found a flagged portal.
 11767 | Bailey   | Entered a bailey
 12651 | Bailey   | Noticed an orc knight
 12673 | Bailey   | Killed an orc knight
 12681 | Bailey   | Got a polished bardiche
 12685 | Bailey   | Identified the cursed +1 bardiche "Sarcophage" {flame, MR+} (You found it in a bailey)
 12909 | Orc:1    | XOM: give mutation
 12909 | Orc:1    | Gained mutation: Scrolls take you a little longer to read. [Xom's mischief]
 13132 | Orc:2    | Reached *** piety under Fedhas
 13135 | Orc:2    | Noticed Snorg
 13148 | Orc:2    | Killed Snorg
 13148 | Orc:2    | Reached skill level 1 in Shields
 13289 | Orc:2    | Noticed Erolcha
 13303 | Orc:2    | Killed Erolcha
 13306 | Orc:2    | Reached skill level 13 in Stealth
 13473 | Orc:2    | Reached XP level 12. HP: 52/68 MP: 19/19
 13513 | Orc:2    | Reached skill level 10 in Slings
 13548 | Orc:2    | Found a radiant altar of Vehumet.
 13968 | Orc:3    | Reached **** piety under Fedhas
 14132 | Orc:3    | Found a staircase to the Elven Halls.
 14143 | Orc:3    | XOM: noise
 14474 | Orc:3    | XOM: medium Conj miscast
 14556 | Orc:4    | Entered Level 4 of the Orcish Mines
 14679 | Orc:4    | Reached ***** piety under Fedhas
 14950 | Orc:4    | XOM: medium Hex miscast
 14966 | Orc:4    | Found a burning altar of Makhleb.
 15086 | Orc:4    | Noticed an orc high priest
 15110 | Orc:4    | Killed an orc high priest
 15249 | Orc:3    | XOM: medium Hex miscast
 15272 | Orc:4    | Noticed an orc high priest
 15369 | Orc:3    | XOM: mild Hex miscast
 15580 | Lair:1   | Entered Level 1 of the Lair of Beasts
 15661 | Lair:1   | XOM: noise
 15721 | Lair:1   | XOM: medium Erth miscast
 15951 | Lair:1   | XOM: give mutation
 15951 | Lair:1   | Lost mutation: One of your tentacles bears a nasty spike. [Xom's mischief]
 16142 | Lair:1   | Reached skill level 5 in Shields
 16272 | Lair:1   | Noticed Joseph
 16285 | Lair:1   | Killed Joseph
 16399 | Lair:1   | XOM: noise
 16753 | Lair:2   | XOM: mild Chrm miscast
 17203 | Lair:2   | XOM: summons 5 hostile demons
 17462 | Lair:3   | Reached XP level 13. HP: 72/76 MP: 21/21
 17463 | Lair:3   | Reached XP level 14. HP: 76/81 MP: 22/22
 18134 | Lair:3   | XOM: give mutations
 18134 | Lair:3   | Lost mutation: You are partially covered in yellow scales (AC +2). [Xom's mischief]
 18134 | Lair:3   | Gained mutation: You are somewhat resistant to further mutation. [Xom's mischief]
 18134 | Lair:3   | Gained mutation: Your body sometimes deteriorates upon taking damage. [Xom's mischief]
 18134 | Lair:3   | Lost mutation: You are somewhat resistant to further mutation. [Xom's mischief]
 18176 | Lair:3   | XOM: medium Conj miscast
 18176 | Lair:3   | Was forgiven by Xom
 18980 | Lair:4   | Reached skill level 14 in Stealth
 19674 | Lair:5   | Found a staircase to the Snake Pit.
 20117 | Lair:5   | Lost mutation: You possess an exceptional clarity of mind. [potion of mutation]
 20117 | Lair:5   | Lost mutation: You are surrounded by a mild repulsion field (EV +2). [potion of mutation]
 20118 | Lair:5   | Lost mutation: Your body sometimes deteriorates upon taking damage. [potion of mutation]
 20118 | Lair:5   | Gained mutation: You are partially covered in large bone plates (AC +2, SH +2). [potion of mutation]
 20885 | Lair:6   | Noticed Maud
 20935 | Lair:6   | Killed Maud
 21620 | Lair:6   | Found a staircase to the Shoals.
 21980 | Lair:6   | Gained mutation: You can spit weak poison. [potion of mutation]
 21980 | Lair:6   | Gained mutation: Your spells are easier to cast, but less powerful. [potion of mutation]
 21980 | Lair:6   | Lost mutation: One of your tentacles bears a spike. [potion of mutation]
 22477 | Lair:7   | Found a staircase to the Slime Pits.
 22711 | Lair:7   | Reached ****** piety under Fedhas
 23446 | Lair:8   | Entered Level 8 of the Lair of Beasts
 23967 | Lair:8   | Reached XP level 15. HP: 90/90 MP: 23/23
 25437 | Lair:8   | Reached skill level 15 in Stealth
 25444 | Lair:8   | Reached skill level 5 in Fighting
 25954 | Lair:8   | Learned a level 3 spell: Mephitic Cloud
 26569 | Orc:4    | Noticed an orc high priest
 26588 | Orc:4    | Killed an orc high priest
 26909 | Orc:4    | Reached skill level 1 in Air Magic
 26987 | Orc:4    | Noticed an orc warlord
 26999 | Orc:4    | Killed an orc high priest
 26999 | Orc:4    | Reached skill level 1 in Spellcasting
 27009 | Orc:4    | Killed an orc warlord
 27009 | Orc:4    | Reached skill level 10 in Dodging
 27009 | Orc:4    | Reached skill level 1 in Conjurations
 27009 | Orc:4    | Reached skill level 1 in Poison Magic
 27097 | Orc:4    | Noticed an orc high priest
 27106 | Orc:4    | Killed an orc high priest
 27615 | Orc:4    | Found Dyenoum's General Store.
 27878 | Orc:4    | Found Misyucso's Antique Armour Shoppe.
 27878 | Orc:4    | Found Ipulamaqu's Antique Weapon Shoppe.
 27880 | Orc:4    | Found Koiffub's Jewellery Emporium.
 27906 | Orc:4    | Bought a +3 ring of dexterity for 282 gold pieces
 27906 | Orc:4    | Bought an uncursed ring of wizardry for 540 gold pieces
 27996 | Elf:1    | Entered Level 1 of the Elven Halls
 28516 | D:11     | Noticed a hill giant
 28526 | D:11     | Killed a hill giant
 28895 | D:12     | Noticed Psyche
 28903 | D:12     | Killed Psyche
 29029 | D:12     | Gained mutation: You are surrounded by a mild repulsion field (EV +2). [mutagenic meat]
 29030 | D:12     | Lost mutation: You are clumsy. (Dex -2) [mutagenic meat]
 29031 | D:12     | Lost mutation: Scrolls take you a little longer to read. [mutagenic meat]
 29032 | D:12     | Gained mutation: Your body sometimes deteriorates upon taking damage. [mutagenic meat]
 29168 | D:12     | Noticed Urug
 29534 | D:12     | Found an ancient bone altar of Kikubaaqudgha.
 29578 | D:12     | Gained mutation: You are frail (-10% HP). [mutagenic meat]
 29579 | D:12     | Lost mutation: You can spit weak poison. [mutagenic meat]
 29772 | D:12     | Killed Urug
 30970 | D:14     | Found a gate to the Vaults.
 30974 | D:14     | Reached XP level 16. HP: 88/88 MP: 25/25
 31087 | D:14     | Reached skill level 10 in Invocations
 31557 | D:8      | Bought a -2 lightning rod (14/14) for 1020 gold pieces
 32524 | Lair:1   | Learned a level 5 spell: Lightning Bolt
 32702 | Shoals:1 | Entered Level 1 of the Shoals
 32884 | Shoals:1 | Shot with a stone by a faun

Action                   |  1- 3 |  4- 6 |  7- 9 | 10-12 | 13-15 | 16-18 || total
-------------------------+-------+-------+-------+-------+-------+-------++-------
Melee: Short sword       |    49 |   227 |    58 |       |       |       ||   334
       Unarmed           |       |       |     1 |       |       |       ||     1
       Rapier            |       |       |    59 |   164 |     9 |       ||   232
       Hunting sling     |       |       |     4 |     2 |       |       ||     6
       Dagger            |       |       |       |    22 |    11 |       ||    33
 Fire: Hunting sling     |       |       |   239 |  1460 |  2461 |   314 ||  4474
Invok: Evolution         |       |       |     9 |    15 |    21 |     6 ||    51
       Sunlight          |       |       |       |       |     2 |     2 ||     4
Evoke: Wand              |     4 |     2 |    26 |    16 |     3 |     4 ||    55
       Rod               |       |       |       |       |       |    13 ||    13
  Use: Potion            |       |     8 |     6 |     6 |     5 |     2 ||    27
       Scroll            |       |       |    13 |     7 |    13 |     5 ||    38
 Stab: Sleeping          |    14 |    28 |     8 |    13 |     1 |       ||    64
       Invisible         |       |       |     3 |       |       |       ||     3
       Paralysed         |       |       |     1 |     1 |       |       ||     2
       Confused          |       |       |       |     1 |       |       ||     1
  Eat: Chunk             |       |     1 |     5 |       |    15 |       ||    21
       Bread ration      |       |     1 |     2 |     6 |     6 |       ||    15
       Beef jerky        |       |     1 |       |     2 |       |       ||     3
       Meat ration       |       |       |     1 |       |     1 |     2 ||     4
       Pizza             |       |       |       |       |     3 |       ||     3
